Cogmind - Beta 15 @@@ ROGUE MODE // 2025.10.13 @ 12:13:10 Player: weedlord420 Result: Self-destructed Performance ------------- Evolutions (1) 500 Regions Visited (3) 600 Robots Destroyed (8) 40 Value Destroyed (258) 258 Prototype IDs (0) 0 Alien Tech Used (0) 0 Bonus (85) 85 TOTAL SCORE: 1483 Bonus ------- Follower Combat Kills 85 Cogmind --------- Core Integrity 342/400 Matter 293/300 Energy 250/250 System Corruption 0% Temperature Hot (205) Movement Treading (160) Location -9/Materials Parts ------- > --- POWER (1) -------- Ion Engine > --- PROPULSION (2) --- Light Treads Improved Treads > --- UTILITY (4) ------ Large Storage Unit > --- WEAPON (2) ------- Particle Gun Light Assault Rifle > --- INVENTORY (15) --- Light Ion Engine Light Treads Light Treads Light Treads Wheel Compact Wheel Compact Wheel Structural Scanner Medium Laser Medium Laser Beam Rifle Rocket Launcher Rocket Launcher Rocket Launcher Peak State ------------ > --- POWER ------------ Ion Engine > --- PROPULSION ------- Wheel Compact Wheel > --- UTILITY ---------- Large Storage Unit > --- WEAPON ----------- Particle Gun Rocket Launcher > --- INVENTORY -------- Light Ion Engine Light Treads Light Treads Light Treads Structural Scanner Medium Laser Medium Laser Light Assault Rifle Rocket Launcher [Rating: 9] Favorites ----------- Power Ion Engine Engine Ion Engine Propulsion Compact Wheel Treads Light Treads Wheel Compact Wheel Utility Large Storage Unit Storage Large Storage Unit Weapon Particle Gun Energy Gun Particle Gun Ballistic Gun Light Assault Rifle Launcher Rocket Launcher Build | -11 -10 -10 -9 ------- Run | Yrd Mat Min Mat Slots Evolved 2 | . . . 2 Power . | . . . . Propulsion . | . . . . Utility 2 | . . . 2 Weapon . | . . . . Parts Attached 15 | 6 2 5 2 Power 1 | 1 . . . Engine 1 | 1 . . . Core . | . . . . Reactor . | . . . . Propulsion 6 | 2 . 2 2 Treads 4 | . . 2 2 Leg . | . . . . Wheel 2 | 2 . . . Hover . | . . . . Flight . | . . . . Utility 2 | 1 1 . . Device . | . . . . Storage 2 | 1 1 . . Processor . | . . . . Hackware . | . . . . Protection . | . . . . Artifact . | . . . . Weapon 6 | 2 1 3 . Energy Gun 3 | 1 1 1 . Energy Cannon . | . . . . Ballistic Gun 1 | 1 . . . Ballistic Cannon . | . . . . Launcher 2 | . . 2 . Special Weapon . | . . . . Impact Weapon . | . . . . Slashing Weapon . | . . . . Piercing Weapon . | . . . . Special Melee Weapon . | . . . . Unidentified Prototypes . | . . . . Parts Lost . | . . . . Power . | . . . . Propulsion . | . . . . Utility . | . . . . Weapon . | . . . . Highest Loss Streak . | . . . . To Critical Strikes . | . . . . Average Backups 9 | 2 5 10 12 Power . | . 1 1 1 Propulsion 3 | 1 2 3 4 Utility . | . . 1 1 Weapon 4 | . 2 4 5 Tool/Special . | . . . . Unused Backups 4 | . . . 4 Power 1 | . . . 1 Propulsion 1 | . . . 1 Utility 1 | . . . 1 Weapon 1 | . . . 1 Tool/Special . | . . . . Average Slot Usage (%) 82 | . 85 85 66 Engine 13 | . 14 14 11 Treads 4 | . . 4 14 Wheel 22 | . 28 23 8 Storage 13 | . 14 14 11 Energy Gun 16 | . 20 15 11 Ballistic Gun 2 | . 7 . 9 Launcher 8 | . . 11 2 Peak Build Rating 9 | 6 7 9 9 Average Rating 7 | 3 6 8 8 On Entrance 5 | . 6 7 9 Naked Turns . | . . . . Heaviest Build 32 | 13 29 32 32 Greatest Support 43 | 26 26 40 43 Greatest Overweight (x) 1 | . 1 1 1 Average Overweight (x) . | . . . . Largest Inventory Capacity 15 | 8 15 15 15 Average Capacity 14 | 6 12 15 15 Most Carried 14 | 5 8 11 14 Average Carried 9 | 2 5 10 12 Final Capacity 15 | 8 15 15 15 Final Carried 14 | 3 8 11 14 Class Distribution -------------------- 100% | Mutant Dominant Class ---------------- Mutant | -10/Materials Mutant | -10/Mines Mutant | -9/Materials Resources | -11 -10 -10 -9 ----------- Run | Yrd Mat Min Mat Matter Collected 489 | 238 22 190 39 Remotely . | . . . . Salvage Created 240 | . . 137 103 Parts 12 | . . 7 5 Haulers Intercepted . | . . . . Recyclers Shooed . | . . . . Parts Field Recycled . | . . . . Retrieved Matter . | . . . . Parts Self-Destructed . | . . . . Prevented . | . . . . Kills | -11 -10 -10 -9 ------- Run | Yrd Mat Min Mat Combat Hostiles Destroyed 8 | . . 6 2 Guns 4 | . . 2 2 AOE 4 | . . 4 . Classes Destroyed 3 | . . 2 1 Swarmer 3 | . . 3 . Grunt 3 | . . 3 . Sentry 2 | . . . 2 Best Kill Streak 3 | . . 3 1 Combat Bots Only 3 | . . 3 1 Max Kills in Single Turn 2 | . . 2 1 Gunslinging . | . . . . Exploded 2 | . . 2 . Melee . | . . . . Uniques/NPCs Destroyed . | . . . . Combat | -11 -10 -10 -9 -------- Run | Yrd Mat Min Mat Hostile Shots Fired 69 | . 7 36 26 Missed 21 | . 4 8 9 Hits 48 | . 3 28 17 Projectile 48 | . 3 28 17 Critical Strikes 5 | . . 2 3 Damage Taken 697 | . 29 415 253 Core 163 | . . 105 58 Absorbed by Shields . | . . . . Core Remaining (%) 79 | 100 . 58 . Volleys Fired 45 | . 5 24 16 Largest 2 | . 2 2 2 Hottest 115 | . 70 115 85 Shots Fired 78 | . 10 36 32 Gun 74 | . 10 32 32 Cannon . | . . . . Launcher 4 | . . 4 . Special . | . . . . Kinetic 32 | . 5 11 16 Thermal 42 | . 5 21 16 Explosive 4 | . . 4 . Electromagnetic . | . . . . Robot Hit Streak 10 | . 3 9 10 Robot Miss Streak 3 | . 1 3 2 Penetration Max . | . . . . Secondary Targets . | . . . . Shots Hit Robots 57 | . 8 25 24 Core Hits 17 | . 1 11 5 Critical Kills . | . . . . Critical Parts Destroyed . | . . . . Critical Strikes 3 | . 1 1 1 Burn 3 | . 1 1 1 Melee Attacks . | . . . . Impact . | . . . . Slashing . | . . . . Piercing . | . . . . Sneak Attacks . | . . . . Combat Hostiles . | . . . . Follow-up Attacks . | . . . . Damage Inflicted 960 | . 78 601 281 Guns 648 | . 78 289 281 Cannons . | . . . . Explosions 312 | . . 312 . Melee . | . . . . Ramming . | . . . . Kinetic 207 | . 39 74 94 Thermal 441 | . 39 215 187 Explosive 312 | . . 312 . Electromagnetic . | . . . . Impact . | . . . . Slashing . | . . . . Piercing . | . . . . Highest Corruption . | . . . . Average Corruption . | . . . . Corruption Purged . | . . . . Corruption Blocked . | . . . . Overload Shots . | . . . . Overflow Damage 6 | . . 6 . Projectiles . | . . . . Explosions 6 | . . 6 . Melee . | . . . . Knockbacks . | . . . . Impact . | . . . . Kinetic . | . . . . Secondary . | . . . . Self-Inflicted Damage 30 | . . 30 . Shots 1 | . . 1 . Rammed . | . . . . Targets Rammed . | . . . . Kicked . | . . . . Crushed . | . . . . Highest Temperature 282 | . 60 282 228 Average Temperature 113 | . 29 136 106 Received Heat Transfer 378 | . . 234 144 Effects 2 | . . . 2 Interference 2 | . . . 2 Siege Activations . | . . . . Martial Activations . | . . . . Shielding Activations . | . . . . Robots Disrupted . | . . . . Combat Hostiles . | . . . . Robots Corrupted . | . . . . Combat Hostiles . | . . . . Parts Fried . | . . . . Impact Corruptions . | . . . . Robots Melted . | . . . . Combat Hostiles . | . . . . Parts Melted 1 | . . 1 . Heat Transferred 1369 | . 185 666 518 Parts Sabotaged . | . . . . Parts Stolen . | . . . . Parts Stripped . | . . . . Power Chain Reactions . | . . . . Alert | -11 -10 -10 -9 ------- Run | Yrd Mat Min Mat Maximum Alert Level . | . . . . Low Security (%) 100 | 100 100 100 100 Level 1 . | . . . . Level 2 . | . . . . Level 3 . | . . . . Level 4 . | . . . . Level 5 . | . . . . High Security . | . . . . Max Security . | . . . . Peak Influence 141 | . . 141 73 Initial . | . . . . Average 31 | . . 42 32 Influence Increases 340 | . . 191 149 Destroy 0b10 Robot/C 220 | . . 120 100 Destroy 0b10 Robot/NC 5 | . . . 5 Destroy Leader 62 | . . 30 32 Allied During Kill 12 | . . . 12 Disable Machine 15 | . . 15 . Destroy Structure 26 | . . 26 . Influence Decreases 277 | . . 191 86 Time Decay 241 | . . 191 50 Lost Ally 36 | . . . 36 Squads Dispatched 1 | . . . 1 Investigation . | . . . . Extermination . | . . . . Reinforcement 1 | . . . 1 Assault . | . . . . Garrison . | . . . . Intercept . | . . . . Searches Triggered . | . . . . Construction Impeded . | . . . . Haulers Reinforced . | . . . . Active Scanning Responses . | . . . . Cargo Convoy Interrupts . | . . . . Stealth | -11 -10 -10 -9 --------- Run | Yrd Mat Min Mat Distress Signals 4 | . 1 1 2 Communications Jammed . | . . . . Distress Signals . | . . . . Times Spotted 18 | . 5 7 6 Peak Tracking Total 5 | . 4 2 5 Tactical Retreats . | . . . . Traps | -11 -10 -10 -9 ------- Run | Yrd Mat Min Mat Traps Triggered . | . . . . Indirectly . | . . . . Trap Hack Attempts . | . . . . Triggered . | . . . . Disarmed . | . . . . Reprogrammed . | . . . . Reused . | . . . . Traps Extracted . | . . . . Installed . | . . . . Triggered . | . . . . Machines | -11 -10 -10 -9 ---------- Run | Yrd Mat Min Mat Machines Disabled 1 | . . 1 . Max in Single Turn 1 | . . 1 . Machines Repaired . | . . . . Machines Dismantled . | . . . . Machines Sabotaged . | . . . . Overloaded Fab Kills . | . . . . Hacking | -11 -10 -10 -9 --------- Run | Yrd Mat Min Mat Machines Accessed . | . . . . Terminals . | . . . . Fabricators . | . . . . Repair Stations . | . . . . Recycling Units . | . . . . Scanalyzers . | . . . . Garrison Access . | . . . . Total Hacks . | . . . . Successful . | . . . . Failed . | . . . . Catastrophic . | . . . . Database Lockouts . | . . . . Manual . | . . . . Terminals . | . . . . Fabricators . | . . . . Repair Stations . | . . . . Recycling Units . | . . . . Scanalyzers . | . . . . Garrison Access . | . . . . Terminal Hacks . | . . . . Fabricator Hacks . | . . . . Repair Station Hacks . | . . . . Recycling Unit Hacks . | . . . . Scanalyzer . | . . . . Garrison Access Hacks . | . . . . Unauthorized Hacks . | . . . . Terminals . | . . . . Fabricators . | . . . . Repair Stations . | . . . . Recycling Units . | . . . . Scanalyzers . | . . . . Garrison Access . | . . . . Data Cores Recovered . | . . . . Used . | . . . . Hacking Detections . | . . . . Full Trace Events . | . . . . Feedback Events . | . . . . Feedback Blocked . | . . . . Robot Schematics Acquired . | . . . . Robots Built . | . . . . Authchips . | . . . . Time . | . . . . Total Robot Build Rating . | . . . . Part Schematics Acquired . | . . . . Parts Built . | . . . . Authchips . | . . . . Time . | . . . . Total Part Build Rating . | . . . . Parts Repaired . | . . . . Time . | . . . . Parts Recycled . | . . . . Recycled Matter . | . . . . Retrieved Matter . | . . . . Retrieved Components . | . . . . Parts Scanalyzed . | . . . . Part Schematics Acquired . | . . . . Parts Damaged . | . . . . Bothacking | -11 -10 -10 -9 ------------ Run | Yrd Mat Min Mat Used RIF Installer . | . . . . Robots Hacked . | . . . . Non-combat . | . . . . Combat . | . . . . Robot Hacks Applied . | . . . . Relay Couplers Released . | . . . . Fabnet Peak Effective % . | . . . . Robots Rewired . | . . . . Allies Hacked . | . . . . Hacks Repelled . | . . . . Allies | -11 -10 -10 -9 -------- Run | Yrd Mat Min Mat Total Allies 3 | . . 3 . Largest Group 3 | . . 3 3 Highest-Rated Group 40 | . . 40 40 Highest-Rated Ally 16 | . . 16 16 Total Orders . | . . . . Ally Attacks 25 | . . . 25 Total Damage 254 | . . . 254 Kills 4 | . . . 4 Allies Corrupted . | . . . . Allies Melted . | . . . . Intel | -11 -10 -10 -9 ------- Run | Yrd Mat Min Mat Active Infowar (turns) . | . . . . Robot Analysis Total . | . . . . Derelict Logs Recovered 3 | . . 3 . Drone Launches . | . . . . Drone Recoveries . | . . . . Exploration | -11 -10 -10 -9 ------------- Run | Yrd Mat Min Mat Turns Passed 962 | 44 180 638 100 Spaces Moved 705 | 41 154 478 32 Core 15 | 15 . . . Treads 52 | . . 32 20 Legs . | . . . . Wheels 638 | 26 154 446 12 Hover . | . . . . Flight . | . . . . Fastest Speed 50 | 50 90 105 105 Average Speed 106 | 74 100 108 141 Slowest Speed 240 | 90 105 160 240 Overloaded Moves . | . . . . Propulsion Burnouts . | . . . . Robots Hopped . | . . . . Potential Cave-ins . | . . . . Cave-ins Triggered . | . . . . Exploration Rate (%) 36 | 3 43 94 4 Regions Visited 3 Branch Regions 1 Pre-discovered Areas 1 | . . 1 . Known Exits Taken . | . . . . Unknown Exits Taken 3 | 1 1 1 . Scrap Searched 1 | . . 1 . Spaces Dug . | . . . . Terrain Destroyed 27 | . . 27 . Melee . | . . . . Projectile . | . . . . AOE 27 | . . 27 . Terrain Rammed . | . . . . Walls Destroyed . | . . . . Machines Disabled . | . . . . Actions | -11 -10 -10 -9 --------- Run | Yrd Mat Min Mat Total 835 | 53 169 557 56 Wait 46 | . 1 43 2 Move 702 | 40 153 477 32 Hop . | . . . . Pick Up 19 | 7 6 3 3 Fast Attach 2 | 2 . . . Attach 4 | 4 . . . Detach . | . . . . Swap 16 | . 3 10 3 Drop 1 | . 1 . . Fire 45 | . 5 24 16 Melee . | . . . . Ram . | . . . . Kick . | . . . . Crush . | . . . . Escape Stasis . | . . . . Rewire . | . . . . Trap . | . . . . Miscellaneous . | . . . . Route ------- -11/Scrapyard -10/Materials (discovered 2 exits: [*Mat] / [*Min]) -10/Mines (discovered 2 exits: [*Mat] / Sub) -9/Materials History --------- Turn | Location | Event 9 | -11/Scrapyard | Discovered new exit (range 16) 45 | -11/Scrapyard | Entered Materials 156 | -10/Materials | Discovered new exit (range 16) 219 | -10/Materials | Discovered new exit (range 7) 225 | -10/Materials | Entered Mines 310 | -10/Mines | Discovered new exit (range 9) 328 | -10/Mines | Build established: Mutant 491 | -10/Mines | Received a Rocket Launcher from a helpful Derelict 570 | -10/Mines | Assisted by bots powering up and referring to "LRC-V3" 574 | -10/Mines | Identified exit to Subcaves 863 | -10/Mines | Entered Materials 863 | -9/Materials | Accompanied by 3 allies 863 | -9/Materials | Evolved 2 slots: Utility x2 963 | -9/Materials | Self-destructed Last Messages --------------- 00875_ O-16 Technician uses terminal to summon reinforcements. 00875_ ALERT: Hostiles spotted, dispatching reinforcements to Terminal M004. 00875_ O-16 Technician locks terminal. 00879_ O-16 Technician suffers critical hit (Burn). 00886_ Critical hit (Burn: +37). 00902_ Y-45 Defender destroyed. 00908_ Acquired Imp. Treads. 00921_ Acquired Beam Rifle. 00924_ Acquired 39 matter. 00927_ Acquired Lgt. Treads. 00945_ Critical hit (Burn: +37). 00950_ W-16 Scout sends out distress signal. 00958_ Y-45 Defender destroyed. 00961_ W-16 Scout destroyed. 00962_ Overheating: System interference. 00962_ Particle Gun temporarily disabled. 00962_ Lgt. Assault Rifle temporarily disabled. Map ----- +----------------------------------------------------+ | | | | | | | | | ?????????????????????????????????????????????????? | | ?????????????????????????????????????????????????? | | ?????????????????????????????????????????????????? | | ?????????????????????????????????????????????????? | | ?????????????????????????????????????????????????? | | ?????????????????????????????????????????????????? | | ?????????????????????????????????????????????????? | | ?????????????????????????????????????????????????? | | ?????????????????????????????????????????????????? | | ?????????????????????????????????????????????????? | | ???????????????????????##########????????????????? | | ???????????????????????# #????????????????? | | ??????????????????###### """ #????????????????? | | ??????????????????# ## "T" #????????????????? | | ??????????????????# ## #????????????????? | | ??????????????????# ## #????????????????? | | ??????????????????# ##""" #????????????????? | | ??????????????????# ##""" #####????????????? | | ??????????????????# ##""" +% [#????????????? | | ?????????????????## ## #####????????????? | | ???????????????### ###/#######???????????????? | | ??????????# %= @g ????????? | | ??????????# [ %" %= ????????? | | ??????????# = ????????? | | ??????????######## g ###+#############?????????? | | ?????????????????#[% ###?????????????????????????? | | ?????????????????# ????????????????????????????? | | ?????????????????# ????????????????????????????? | | ?????????????????# ????????????????????????????? | | ?????????????????# ????????????????????????????? | | ?????????????????# ????????????????????????????? | | ?????????????????# ????????????????????????????? | | ????????????????? ????????????????????????????? | | ?????????????????# ?????????????????????????????? | | ?????????????????? ?????????????????????????????? | | ??????????????????? ?????????????????????????????? | | ?????????????????????????????????????????????????? | | ?????????????????????????????????????????????????? | | ?????????????????????????????????????????????????? | | ?????????????????????????????????????????????????? | | ?????????????????????????????????????????????????? | | ?????????????????????????????????????????????????? | | ?????????????????????????????????????????????????? | | ?????????????????????????????????????????????????? | | ?????????????????????????????????????????????????? | | ?????????????????????????????????????????????????? | +----------------------------------------------------+ Best States ------------- Heat Dissipation 28 Energy Generation 10 Energy Capacity 250 Matter Stores 300 Matter Capacity 300 Sight Range 16 Terrain Scan Density 10 Evasion (%) 50 Recoil Reduction 2 Item Schematics ----------------- None Robot Schematics ------------------ None Fabricated ------------ Nothing Repaired ---------- Nothing Alien Tech Used ----------------- None Achievements -------------- None Challenges ------------ None Game ------ Seed BurstSpikedMace Manual? 0 Play Time 00:06:09 Cumulative 113.8 hours Start 2025.10.12 @ 19:39:43 End 2025.10.13 @ 12:13:10 Sessions 3 Manual Loads 0 Difficulty Rogue Special Mode None Game No. 178 Rogue 177 Adventurer 1 Explorer 0 Win Type - Total 1 Types 0/0/0/1/0/0/0/0/0/0 Lore% 60 Gallery% 54 Achievement% 49 Wizard Run 0 Options --------- Layout 1 ASCII 0 Keyboard 0 Movement Mouse Keybinds 0 Fullscreen 2 Font 24/Smallcaps Map View 50x35 Zoom Use 0% Tactical HUD 1 Map Filters NONE Filters NONE Steam 1 RUN: de012252-a432-4191-9437-bc11d6272f6a